 Dungeon Crawl Stone Soup version 0.23-a0-307-gc3b755d (webtiles) character file.

3479 Ijustatesigmund the Conjurer (level 10, -1/65 (66) HPs)
             Began as an Octopode Wizard on Oct 10, 2018.
             Was a Follower of Cheibriados.
             Shot with an arrow by a centaur warrior (15 damage)
             ... on level 8 of the Dungeon.
             The game lasted 00:34:59 (10171 turns).

Ijustatesigmund the Conjurer (Octopode Wizard)     Turns: 10171, Time: 00:35:00

HP:   -1/65 (66)    AC:  2    Str:  9    XL:     10   Next: 7%
MP:   11/14         EV: 13    Int: 22    God:    Cheibriados [*.....]
Gold: 401           SH: 14    Dex: 14    Spells: 9/15 levels left

rFire    . . .     SeeInvis .   q - +5 flail (holy)
rCold    + . .     Gourm    .   v - +0 shield
rNeg     . . .     Faith    .   a - +1 hat
rPois    +         Spirit   .   m - +5 amulet of reflection
rElec    .         Reflect  +   b - ring of poison resistance
rCorr    .         Harm     .   e - ring of protection from cold
MR       .....                  (no ring)
Stlth    +++.......             (no ring)
HPRegen  0.60/turn              (no ring)
MPRegen  0.14/turn              (no ring)
                                (no ring)
                                (no ring)

@: very slow
A: almost no armour, stealthy swim, amphibious, 8 rings, constrict 8, antennae
2, camouflage 1, dopey 1, regeneration 1, gelatinous body 1
a: Bend Time, Renounce Religion


You were on level 8 of the Dungeon.
You worshipped Cheibriados.
Cheibriados was aware of your devotion.
You were not hungry.

You visited 2 branches of the dungeon, and saw 9 of its levels.

You collected 401 gold pieces.

Inventory:

Hand Weapons
 g - a +0 mace of protection
 h - a +1 trident of venom
 q - a +5 flail of holy wrath (weapon)
 s - the +11 halberd of the Horn {chop, *Noise +Fly rElec Dex+8}
   (You took it off a gnoll on level 5 of the Dungeon)

   It inflicts extra damage upon your enemies.
   It affects your dexterity (+8).
   It insulates you from electricity.
   It lets you fly.
   It may make noises in combat.
Missiles
 j - a throwing net (quivered)
Armour
 a - a +1 hat (worn)
 v - a +0 shield (worn)
Jewellery
 b - a ring of poison resistance (left tentacle)
 e - a ring of protection from cold (right tentacle)
 m - a +5 amulet of reflection (around mantle)
Scrolls
 f - a scroll of fog
 i - a scroll of amnesia
 k - a scroll of teleportation
 l - 3 scrolls of remove curse
 t - 2 scrolls of blinking
Potions
 d - a potion of mutation
 n - a potion of magic
 o - 2 potions of curing
 p - a potion of might
 r - a potion of lignification
 u - a potion of invisibility
Comestibles
 c - 9 rations


   Skills:
 - Level 5.0 Fighting
 - Level 4.2 Maces & Flails
 - Level 4.2 Dodging
 - Level 3.4 Stealth
 + Level 5.5 Shields
 - Level 3.2 Spellcasting
 - Level 6.9 Conjurations
   Level 1.0 Summonings
 - Level 3.8 Translocations
 - Level 2.7 Air Magic
 - Level 3.4 Poison Magic
 + Level 4.0 Invocations


You had 9 spell levels left.
You knew the following spells:

 Your Spells              Type           Power        Failure   Level  Hunger
a - Magic Dart            Conj           ####         2%          1    None
b - Blink                 Tloc           N/A          13%         2    ##.....
c - Mephitic Cloud        Conj/Pois/Air  ###.....     21%         3    ###....

Your spell library contained the following spells:

 Spells                   Type           Power        Failure   Level  Hunger
 Summon Small Mammal      Summ           #...         28%         1    None
 Conjure Flame            Conj/Fire      ###.....     30%         3    ###....
 Call Imp                 Summ           #.......     38%         2    ##.....
 Slow                     Hex            #.......     54%         2    ##.....
 Call Canine Familiar     Summ           #.......     63%         3    ###....
 Summon Guardian Golem    Hex/Summ       #.......     71%         3    ###....
 Summon Lightning Spire   Summ/Air       ##......     88%         4    ####...
 Summon Ice Beast         Ice/Summ       #.......     98%         4    ####...


Dungeon Overview and Level Annotations

Branches:
Dungeon (8/15)             Temple (1/1) D:6
   Lair: D:8-11

Altars:
Cheibriados
Dithmenos
Elyvilon
Fedhas
Hepliaklqana
Kikubaaqudgha
Makhleb
Nemelex Xobeh
Okawaru
Ru
Sif Muna
Trog
Vehumet
Xom
Yredelemnul
Zin
The Shining One

Annotations:
D:4 Dissent's ghost, weakling HOMo; NorthaanB's ghost, novice DsFi
D:5 CasualChangeling's ghost, novice DrWn


Innate Abilities, Weirdness & Mutations

You cannot wear most types of armour.
You are very stealthy in the water. (Stealth+)
You are amphibious.
You can wear up to eight rings at the same time.
You can use your tentacles to constrict eight enemies at once.
Your skin changes colour to match your surroundings (Stealth+).
Your rubbery body absorbs attacks. (AC +1, EV +1)
You have a pair of antennae on your head.
You are dopey. (Int -2)
Your natural rate of healing is unusually fast.


Message History

You hear a shout!
Found a stone staircase leading up.
You see here an arrow.
A crimson imp comes into view.
The centaur warrior shoots an arrow.
The arrow hits you!
The centaur warrior shoots an arrow.
The arrow hits you!!
* * * LOW HITPOINT WARNING * * *
You see here 2 arrows.
Casting: Magic Dart (safe; 2% risk of failure)
Confirm with . or Enter, or press ? or * to list all spells.
Aiming: Mephitic Cloud (safe; 21% risk of failure)
Press: ? - help, Shift-Dir - straight line, f - centaur warrior
Aim: a centaur warrior, wielding a shortbow The ball explodes into a vile cloud!
The stinking cloud engulfs the centaur warrior.
The stinking cloud engulfs the crimson imp.
The crimson imp appears unharmed.
The centaur warrior is engulfed in noxious fumes.
The centaur warrior shoots an arrow.
The arrow hits you!
You die...

....... ....<.# . ..
...>.+ .. .... ....5#
... ....#####..c§#....
........#.#.......
........#.#.......
.......$..@.......
#........(........
#........(.........
#.......#.......#.####
###...........#.#....#
##........###.......#
...........# #.......#
..........####.......#
......###............#
+#


You could see a centaur warrior and a crimson imp.

Vanquished Creatures
  Grinder (D:6)
  Prince Ribbit (D:6)
  A hippogriff (D:7)
  Sigmund (D:2)
  A steam dragon (D:7)
  Edmund (D:4)
  An orc warrior (D:6)
  3 ice beasts
  2 ogres
  A phantom (D:7)
  2 necrophages
  A centaur (D:6)
  2 bullfrogs
  2 scorpions
  6 killer bees
  2 vampire bats (D:7)
  2 howler monkeys (D:7)
  A bullfrog zombie (D:6)
  2 crimson imps (D:8)
  A quasit (D:5)
  A jelly (D:6)
  4 hounds
  4 orc priests
  2 orc wizards
  Terence (D:2)
  3 iguanas
  3 worker ants
  A hound skeleton (D:5)
  A mummy (D:7)
  2 worker ant zombies
  13 gnolls
  A howler monkey skeleton (D:4)
  6 adders
  An ooze (D:6)
  2 worms (D:5)
  5 dart slugs (D:1)
  9 leopard geckos
  15 orcs
  2 bat skeletons (D:7)
  3 bat zombies (D:7)
  10 goblins
  10 hobgoblins
  12 jackals
  6 kobolds
  3 quokkas
  2 ball pythons (D:2)
  8 bats
  6 frilled lizards
  A jackal zombie (D:7)
  6 rats
177 creatures vanquished.

Vanquished Creatures (others)
  An orc warrior (D:8)
  A scorpion (D:8)
  3 withered plants (D:4)
5 creatures vanquished.

Grand Total: 182 creatures vanquished

Notes
Turn   | Place    | Note
-------+----------+-------------------------------------------
     0 | D:1      | Ijustatesigmund the Octopode Wizard began the quest for the
                  | Orb.
     0 | D:1      | Reached XP level 1. HP: 11/11 MP: 4/4
   232 | D:1      | Reached skill level 2 in Conjurations
   232 | D:1      | Reached XP level 2. HP: 16/17 MP: 1/6
   538 | D:1      | Learned a level 2 spell: Blink
   774 | D:1      | Gained mutation: Your natural rate of healing is unusually
                  | fast. [potion of mutation]
   774 | D:1      | Gained mutation: You have a pair of small antennae on your
                  | head. [potion of mutation]
   774 | D:1      | Gained mutation: You are dopey. (Int -2) [potion of
                  | mutation]
   774 | D:1      | Gained mutation: You have a pair of antennae on your head.
                  | [potion of mutation]
   883 | D:1      | Reached XP level 3. HP: 21/21 MP: 2/7
  1034 | D:1      | Learned a level 3 spell: Mephitic Cloud
  1740 | D:1      | Reached skill level 3 in Conjurations
  2041 | D:1      | Reached XP level 4. HP: 24/27 MP: 0/8
  2435 | D:2      | Noticed Terence
  2564 | D:2      | Killed Terence
  2564 | D:2      | Reached skill level 1 in Air Magic
  2564 | D:2      | Reached skill level 1 in Poison Magic
  2762 | D:2      | Noticed Sigmund
  2779 | D:2      | Killed Sigmund
  2779 | D:2      | Reached XP level 5. HP: 18/31 MP: 3/9
  2779 | D:2      | Reached XP level 6. HP: 21/36 MP: 3/10
  3823 | D:4      | Found an iron altar of Okawaru.
  4410 | D:3      | Reached XP level 7. HP: 42/42 MP: 8/11
  4563 | D:4      | Reached skill level 1 in Fighting
  5025 | D:4      | Found a runed gate.
  5036 | D:4      | Found a runed gate.
  5093 | D:4      | Found a runed gate.
  5144 | D:4      | Noticed NorthaanB's ghost (novice DsFi)
  5144 | D:4      | Noticed Dissent's ghost (weakling HOMo)
  5144 | D:4      | Noticed CasualChangeling's ghost (novice DrWn)
  5448 | D:5      | Entered Level 5 of the Dungeon
  5448 | D:5      | Noticed Edmund
  5671 | D:4      | Killed Edmund
  5671 | D:4      | Reached XP level 8. HP: 26/52 MP: 7/12
  5936 | D:5      | Reached skill level 1 in Maces & Flails
  5936 | D:5      | Reached skill level 4 in Conjurations
  6064 | D:5      | Noticed a moth of wrath
  6312 | D:5      | Found a bloodstained altar of Trog.
  6558 | D:5      | Found a shadowy altar of Dithmenos.
  6667 | D:5      | Reached skill level 5 in Conjurations
  6677 | D:5      | Got an iridescent halberd {chop}
  6678 | D:5      | Identified the +11 halberd of the Horn {chop, *Noise +Fly
                  | rElec Dex+8} (You took it off a gnoll on level 5 of the
                  | Dungeon)
  6992 | D:6      | Noticed Prince Ribbit
  7017 | D:6      | Killed Prince Ribbit
  7017 | D:6      | Reached XP level 9. HP: 40/57 MP: 8/13
  7142 | D:6      | Noticed Grinder
  7150 | D:6      | Killed Grinder
  7150 | D:6      | Reached skill level 6 in Conjurations
  7587 | D:6      | Found a burning altar of Makhleb.
  7598 | D:6      | Reached skill level 5 in Fighting
  7819 | D:6      | Found a staircase to the Ecumenical Temple.
  7825 | Temple   | Entered the Ecumenical Temple
  8043 | D:6      | Found a glowing silver altar of Zin.
  8453 | D:7      | Reached skill level 1 in Shields
  8903 | D:7      | Found a snail-covered altar of Cheibriados.
  8914 | D:7      | Became a worshipper of Cheibriados the Contemplative
  9234 | D:7      | Reached skill level 1 in Invocations
  9320 | D:7      | Found an ancient bone altar of Kikubaaqudgha.
  9379 | D:8      | Found a shimmering altar of Xom.
  9790 | D:8      | Reached skill level 5 in Shields
  9861 | D:8      | Reached * piety under Cheibriados
  9861 | D:8      | Reached XP level 10. HP: 66/66 MP: 1/14
 10164 | D:8      | Noticed a centaur warrior
 10171 | D:8      | Shot with an arrow by a centaur warrior

Vault maps used:
D:1:      dpeg_arrival_morbid_curiosity, minmay_crystal_water
D:2:      roderic_lattice_a, minmay_misc_feat_diagonals, serial_bayou_pond_b,
          uniq_terence, uniq_sigmund
D:4:      okawaru_ov_weapons_minmay, gammafunk_ghost_cemetery, first_ration,
          serial_bayou_pond_e
D:5:      nicolae_dithmenos_the_darkroom, tgw_trog, uniq_edmund
D:6:      lemuel_crystal_altar, kennysheep_mini_moat,
          minmay_temple_entry_enclosed_plants, uniq_grinder, uniq_prince_ribbit1
D:7:      kennysheep_vampire_church, slow_altar_2
D:8:      nicolae_ashenzari_panopticon, xom_confusion_cloud
Temple:   nicolae_temple_figure_zero

Skill      XL: |  1  2  3  4  5  6  7  8  9 10 |
---------------+-------------------------------+-----
Conjurations   | 2 3 5 6 |  6.9
Translocations | 2 3 |  3.8
Air Magic      | 2 |  2.7
Poison Magic   | 2 3 |  3.4
Stealth        | 3 |  3.4
Fighting       | 3 5 |  5.0
Dodging        | 4 |  4.2
Maces & Flails | 4 |  4.2
Shields        | 5 |  5.5
Invocations    | 3 4 |  4.0
Spellcasting   | |  3.2
Summonings     | |  1.0

Action                   |  1- 3 |  4- 6 |  7- 9 | 10-12 || total
-------------------------+-------+-------+-------+-------++-------
Melee: Unarmed           |    14 |       |       |       ||    14
       Constrict         |     4 |    17 |    33 |     1 ||    55
       Tentacles         |     3 |     5 |    33 |     2 ||    43
       Short sword       |     1 |       |       |       ||     1
       Mace              |       |    44 |    53 |       ||    97
       Trident           |       |     2 |       |       ||     2
       Flail             |       |       |   109 |    18 ||   127
       Halberd           |       |       |    56 |       ||    56
 Cast: Magic Dart        |    79 |   118 |   196 |     1 ||   394
       Mephitic Cloud    |     1 |     5 |    14 |     1 ||    21
       Blink             |       |       |     6 |       ||     6
  Use: Scroll            |     6 |     7 |     9 |       ||    22
       Potion            |     1 |     4 |     4 |       ||     9
 Stab: Confused          |     1 |     2 |     3 |       ||     6
       Sleeping          |       |       |     9 |       ||     9
       Invisible         |       |       |     3 |       ||     3
  Eat: Chunk             |     3 |     8 |     6 |       ||    17
       Ration            |       |       |     4 |       ||     4
Armor: Skin              |       |     8 |    28 |     2 ||    38
Dodge: Dodged            |    21 |    51 |   152 |     6 ||   230
Block: Other             |       |       |    36 |       ||    36
       Shield            |       |       |    68 |    13 ||    81

Table legend:
 A = Non-vault XP
 B = Vault XP
 C = Vault XP percentage of total XP
 D = Non-vault monster count
 E = Vault monster count
 F = Vault count percentage of total count
                 A         B        C        D         E       F
            +---------+---------+-------+---------+---------+-------
      Total |    3425 |    1545 |  31.1 |     146 |      31 |  17.5
            +---------+---------+-------+---------+---------+-------
        D:1 |      74 |       8 |   9.8 |      29 |       5 |  14.7
        D:2 |      42 |     252 |  85.7 |      18 |       4 |  18.2
        D:3 |     104 |       0 |   0.0 |      21 |       0 |   0.0
        D:4 |     473 |     160 |  25.3 |      16 |       1 |   5.9
        D:5 |     836 |       9 |   1.1 |      25 |       5 |  16.7
        D:6 |     746 |     536 |  41.8 |      22 |       2 |   8.3
        D:7 |    1118 |     142 |  11.3 |      14 |       8 |  36.4
        D:8 |      32 |     438 |  93.2 |       1 |       6 |  85.7
            +---------+---------+-------+---------+---------+-------
